AoeStats
← audi

Arena

504428371Analyzed
2v2 RM · 28d ago on Sep 5, 2026· 33m 5s· 4 players
Game mode
Random Map
Map size
Medium (4 player)
Population
200
Speed
Normal
Resources
Standard
Victory
Conquest
Starting age
Dark Age
Ending age
Imperial Age
RankedLock teamsTeams togetherTeam positionsShared explorationLock speedFull tech treeHidden civsTurbo modeCheats
Victory
Defeat
🇹🇷 Spanish · Türkiye
1133
+13
🇹🇷 Teutons · Türkiye
1102
+14
🇹🇷 Turks · Türkiye
1088
-15
🇱🇧 Portuguese · Lebanon
1036
-12
SexyDaddy
12:55 Feudal Age
13:27 Loom
17:11 Castle Age
16:27 Double-Bit Axe
18:28 Horse Collar
22:34 Imperial Age
LB_IronSide
10:51 Feudal Age
15:27 Castle Age
13:46 Double-Bit Axe
15:44 Gold Mining
18:53 Bow Saw
Timber
11:42 Feudal Age
13:18 Loom
16:29 Castle Age
15:06 Gold Mining
15:12 Double-Bit Axe
17:05 Horse Collar
18:05 Bow Saw
22:40 Padded Archer Armor
25:59 Leather Archer Armor
31:45 Wheelbarrow
31:51 Heavy Plow
33:18 Bloodlines
audi
3:48 Loom
11:11 Feudal Age
16:03 Castle Age
14:19 Horse Collar
16:08 Bloodlines
17:27 Double-Bit Axe
18:11 Bloodlines
18:38 Heavy Plow
19:16 Wheelbarrow
20:30 Bow Saw
26:25 Fletching
26:54 Padded Archer Armor
27:01 Bodkin Arrow
27:52 Forging
29:09 Scale Barding Armor
29:01 Gold Mining
30:55 Iron Casting
Connection lost

Rejoining the realm…

Still unreachable

The connection could not be restored.

Session expired

The server has moved on; the page needs a fresh start.